 Dungeon Sprint DCSS version 0.21-a0-414-gba8bdf1 (webtiles) character file.

64 Kidiri the Insei (level 3, -1/33 HPs)
             Began as a Draconian Transmuter on Nov 2, 2017.
             Slain by a water elemental (10 damage)
             ... in the Dungeon (Sprint III: "The Ten Rune Challenge").
             The game lasted 00:02:55 (433 turns).

Kidiri the Insei (Draconian Transmuter)              Turns: 433, Time: 00:02:56

Health: -1/33      AC:  5    Str: 11 (12) XL:     3   Next: 91%
Magic:  6/8        EV: 12    Int: 13      God:
Gold:   21         SH:  0    Dex: 10      Spells: 3/9 levels left

rFire    . . .     SeeInvis .     - Unarmed
rCold    . . .     Gourm    .   (no shield)
rNeg     . . .     Faith    .   (armour unavailable)
rPois    .         Spirit   .   (helmet restricted)
rElec    .         Reflect  .   (no cloak)
rCorr    .         Harm     .   (no gloves)
MR       .....     NoTele   +   (boots currently unavailable)
Stlth    ++........             (no amulet)
HPRegen  0.11/turn              (no ring)
MPRegen  0.11/turn              (no ring)

@: appendage (expiring)
A: unfitting armour, horns 1, talons 3, clumsy 1, deterioration 2, mutation
resistance 1, cold-blooded, AC +5
a: End Transformation


You were in the Dungeon.
You were not hungry.
You had grown temporary talons.
You visited 1 branch You collected 21 gold pieces.

Inventory:

Missiles
 a - 11 arrows
 j - 26 stones (quivered)
Scrolls
 i - a scroll of blinking
 l - a scroll of immolation {unknown}
 m - a scroll of holy word {unknown}
 n - 3 scrolls of identify {unknown}
 o - 2 scrolls of remove curse
 r - a scroll of torment {unknown}
Potions
 d - a potion of curing
 e - a potion of heal wounds
 f - a potion of haste
 g - 2 potions of magic
 h - a potion of berserk rage
 q - a potion of ambrosia {unknown}
 t - a potion of flight {unknown}
Books
 b - a book of Changes

   Spells                             Type                      Level
   a - Beastly Appendage              Transmutation                1
   b - Sticks to Snakes               Transmutation                2
   c - Spider Form                    Transmutation/Poison         3
   d - Ice Form                       Ice/Transmutation            4
   e - Blade Hands                    Transmutation                5
Comestibles
 c - a bread ration
 p - 3 fruits
 s - a meat ration


   Skills:
 * Level 3.9 Fighting
 + Level 2.8 Dodging
 + Level 2.1 Stealth
 * Level 4.6 Unarmed Combat
 * Level 3.7 Spellcasting
 + Level 3.1 Transmutations
 + Level 1.0 Poison Magic


You had 3 spell levels left.
You knew the following spells:

 Your Spells              Type           Power        Failure   Level  Hunger
a - Beastly Appendage     Tmut           ##....       6%          1    #......
b - Sticks to Snakes      Tmut           ##......     9%          2    ##.....
c - Spider Form           Tmut/Pois      #.........   26%         3    ###....


Dungeon Overview and Level Annotations

Branches:
Dungeon (1/1)

Altars:


Innate Abilities, Weirdness & Mutations

Your plain brown scales are hard. (AC +5)
You cannot fit into any form of body armour.
You are cold-blooded and may be slowed by cold attacks.
You have a pair of small horns on your head.
You have claws for feet.
You are clumsy. (Dex -2)
Your body often deteriorates upon taking damage.
You are somewhat resistant to further mutation.


Message History

The water elemental is lightly damaged.
Your adder bites the water elemental.
The water elemental hits you!!
Ouch! That really hurt!
* * * LOW HITPOINT WARNING * * *
Your body deteriorates!
You feel weakened.
Unknown command.
Your transformation is almost over.
Your adder closely misses the water elemental.
You hit the water elemental but do no damage.
The water elemental is lightly damaged.
The water elemental hits you.
The water elemental engulfs you in water!
Unknown command.
Unknown command.
With effort, you pull free of the water engulfing you.
You gasp with relief as air once again reaches your lungs.
Your adder closely misses the water elemental.
Your adder bites the water elemental but does no damage.
The water elemental hits you!
You die...

▓▓▓▓▓ ▓▓▓ #...#### ##.#*
#......#####..# _
#.......#..#..# *
##.##...#..#..###+#+###+
##.###..##+#..#.@.......
###.##..###...'E⌠.......
#..##..####...#S..######
...##[.###....#.⌠.#
..##...##.....#...# ,
.##...÷#......#+###
###..##.#.....# , #
#..#####....# _+ ▓ ▓▓▓▓
▓▓▓▓▓▓ *


You could see a water elemental and a friendly adder.

Vanquished Creatures
  Jessica (D)
  A human (D)
  A wolf (D)
  An ooze (D)
  2 rats (D)
6 creatures vanquished.

Vanquished Creatures (others)
  2 draconian scorchers (D)
  A yaktaur (D)
  6 hellions (D)
  3 plants (D)
12 creatures vanquished.

Grand Total: 18 creatures vanquished

Notes
Turn   | Place    | Note
-------+----------+-------------------------------------------
     0 | D        | Kidiri the Draconian Transmuter began the quest for the Orb.
     0 | D        | Reached XP level 1. HP: 16/16 MP: 3/3
    85 | D        | Noticed Jessica
    92 | D        | Killed Jessica
    92 | D        | Reached skill level 1 in Stealth
    92 | D        | Reached skill level 4 in Unarmed Combat
    92 | D        | Reached XP level 2. HP: 22/26 MP: 3/6
    92 | D        | Reached XP level 3. HP: 26/31 MP: 3/7
    94 | D        | Killed a hellion
   100 | D        | Learned a level 2 spell: Sticks to Snakes
   104 | D        | Learned a level 3 spell: Spider Form
   115 | D        | Killed a hellion
   117 | D        | Killed a hellion
   117 | D        | Killed a hellion
   118 | D        | Killed a hellion
   141 | D        | Killed a white draconian scorcher
   146 | D        | Killed a yaktaur
   155 | D        | Reached skill level 1 in Poison Magic
   163 | D        | Killed a hellion
   171 | D        | Killed a white draconian scorcher
   183 | D        | Gained mutation: You are clumsy. (Dex -2) [potion of mutation]
   183 | D        | Gained mutation: Your tail ends in a poisonous barb. [potion of mutation]
   184 | D        | Lost mutation: You are clumsy. (Dex -2) [potion of mutation]
   184 | D        | Lost mutation: Your tail ends in a poisonous barb. [potion of mutation]
   184 | D        | Gained mutation: Your system is resistant to poisons. (rPois) [potion of mutation]
   184 | D        | Lost mutation: Your system is resistant to poisons. (rPois) [potion of mutation]
   184 | D        | Gained mutation: You are somewhat resistant to further mutation. [potion of mutation]
   185 | D        | Lost mutation: You are somewhat resistant to further mutation. [potion of mutation]
   185 | D        | Gained mutation: Scrolls take you a little longer to read. [potion of mutation]
   185 | D        | Gained mutation: You occasionally shout uncontrollably at your foes. [potion of mutation]
   185 | D        | Gained mutation: You passively map a small area around you. [potion of mutation]
   186 | D        | Lost mutation: You occasionally shout uncontrollably at your foes. [potion of mutation]
   186 | D        | Lost mutation: Scrolls take you a little longer to read. [potion of mutation]
   186 | D        | Gained mutation: You are frail. (-10% HP) [potion of mutation]
   186 | D        | Lost mutation: You are frail. (-10% HP) [potion of mutation]
   186 | D        | Gained mutation: You have sharp fingernails. [potion of mutation]
   396 | D        | Lost mutation: You passively map a small area around you. [potion of mutation]
   396 | D        | Lost mutation: You have sharp fingernails. [potion of mutation]
   396 | D        | Gained mutation: Your spells are a little easier to cast, but a little less powerful. [potion of mutation]
   396 | D        | Lost mutation: Your spells are a little easier to cast, but a little less powerful. [potion of mutation]
   396 | D        | Gained mutation: Your natural rate of healing is unusually fast. [potion of mutation]
   397 | D        | Gained mutation: Your spells are a little harder to cast, but a little more powerful. [potion of mutation]
   397 | D        | Gained mutation: Your body sometimes deteriorates upon taking damage. [potion of mutation]
   397 | D        | Gained mutation: Your body often deteriorates upon taking damage. [potion of mutation]
   397 | D        | Gained mutation: Your mind is acute. (Int +2) [potion of mutation]
   398 | D        | Lost mutation: Your natural rate of healing is unusually fast. [potion of mutation]
   398 | D        | Lost mutation: Your mind is acute. (Int +2) [potion of mutation]
   398 | D        | Lost mutation: Your spells are a little harder to cast, but a little more powerful. [potion of mutation]
   398 | D        | Gained mutation: You have a pair of small horns on your head. [potion of mutation]
   398 | D        | Gained mutation: You are clumsy. (Dex -2) [potion of mutation]
   398 | D        | Gained mutation: You are somewhat resistant to further mutation. [potion of mutation]
   426 | D        | Noticed a water elemental
   433 | D        | Slain by a water elemental

Vault maps used:
D:        dungeon_sprint_mu

Skill      XL: |  1  2  3 |
---------------+----------+-----
Fighting       | 3 |  3.9
Dodging        | 2 |  2.8
Stealth        | 1 2 |  2.1
Unarmed Combat | 4 |  4.6
Spellcasting   | 3 |  3.7
Transmutations | 3 |  3.1
Poison Magic   | 1 |  1.0

Action                   || total
-------------------------++-------
Melee: Unarmed           ||    28
       Kick              ||     4
       Tailslap          ||     2
 Cast: Beastly Appendage ||     5
       Spider Form       ||     1
       Sticks to Snakes  ||     1
  Use: Potion            ||     7
 Stab: Sleeping          ||     1
Armor: Skin              ||     5
Dodge: Dodged            ||    16

Table legend:
 A = Spawn XP
 B = Non-spawn XP
 C = Spawn XP percentage of total XP
 D = Spawn monster count
 E = Non-spawn monster count
 F = Spawn count percentage of total count
 G = Total turns spent on level
                    A         B        C        D         E        F      G
               +---------+---------+-------+---------+---------+-------+---------
         Total |       0 |      92 |   0.0 |       0 |       6 |   0.0 |   433
               +---------+---------+-------+---------+---------+-------+---------
             D |       0 |      92 |   0.0 |       0 |       6 |   0.0 |   433
               +---------+---------+-------+---------+---------+-------+---------
